Map: Dusty Gorge

Players

DAVICO

  • Race: Zerg Zerg
  • Spawn Location: 11:00

Duncan

  • Race: Protoss Protoss
  • League: Master
  • Spawn Location: 9:00

DKCROSSFIRE - Winner!

  • Race: Terran Terran
  • Spawn Location: 3:00

PureLegacy - Winner!

  • Race: Terran Terran
  • Spawn Location: 5:00

VOD

Have the link to the VOD?

Description

Time

  • Played on: Nov. 23, 2018, 5:47 p.m.
  • Length: 8:15
Show
View Real Time Build Order
Export as new Build Order

DAVICO Zerg 

Build Orders: Hatch First 

Get SALT Encoding   

  12  0:06  Drone  
  13  0:14  Drone  
  14  0:17  Overlord  
  14  0:38  Drone x2  
  14  0:39  Drone  
  17  0:53  Drone  
  18  1:02  Hatchery  
  17  1:04  Drone  
  18  1:13  Drone, Extractor  
  18  1:27  Spawning Pool  
  16  1:35  Drone x2  
  18  1:46  Overlord  
  18  1:56  Drone  
  19  2:10  Drone  
  20  2:16  Drone  
  20  2:17  Drone  
  20  2:19  Queen  
  20  2:21  Metabolic Boost  
  24  2:23  Queen  
  24  2:28  Zergling x2  
  27  2:30  Zergling x2  
  27  2:36  Zergling x2  
  29  2:42  Zergling x2  
  30  2:46  Spine Crawler  
  30  2:50  Drone x2  
  31  3:03  Drone x2  
  33  3:13  Overlord  
  33  3:15  Overlord  
  33  3:32  Drone x3  
  36  3:40  Drone x2  
  38  3:45  Drone  
  39  3:58  Drone  
  39  3:59  Drone x4  
  44  4:04  Overlord  
  44  4:07  Extractor  
  44  4:08  Drone  
  44  4:09  Lair, Extractor  
  43  4:12  Hatchery  
  43  4:13  Drone x2  
  44  4:26  Drone x3  
  47  4:35  Drone x2  
  49  4:43  Baneling Nest  
  49  4:44  Drone x3, Evolution Chamber  
  50  4:48  Drone x2  
  52  5:01  Overlord x2  
  52  5:11  Zerg Melee Weapons Level 1  
  52  5:13  Spire, Zergling x2  
  52  5:20  Queen x2  
  56  5:22  Drone x3  
  56  5:23  Drone x2  
  56  5:24  Drone  
  56  5:25  Drone  
  56  5:28  Centrifical Hooks  
  63  5:39  Pneumatized Carapace  
  63  5:54  Overlord  
  63  5:55  Overlord x2  
  63  5:57  Drone x4  
  63  5:58  Drone x3  
  63  6:00  Extractor, Zergling x2  
  63  6:02  Extractor  
  69  6:12  Zergling x10  
  69  6:13  Zergling x2  
  75  6:21  Queen  
  75  6:24  Corruptor x3  
  75  6:25  Evolution Chamber  
  82  6:36  Zergling x10  
  82  6:37  Zergling x2  
  84  6:53  Zergling x4  
  84  6:54  Zergling x10  
  80  6:57  Baneling  
  80  6:58  Zergling x2  
  84  7:05  Baneling x4  
  84  7:06  Baneling x3  
  84  7:19  Zergling x12  
  76  7:33  Zergling x10  
  76  7:34  Zergling x2  
  78  7:37  Zergling x4  
  78  7:39  Baneling  
  78  7:40  Baneling x6  
  80  7:44  Corruptor x2  
Show
View Real Time Build Order
Export as new Build Order

Duncan Protoss 

Build Orders:  

Get SALT Encoding   

  1  0:00  Probe  
  12  0:05  Probe  
  14  0:15  Probe  
  15  0:25  Pylon  
  15  0:43  Gateway, Probe  
  15  0:48  Assimilator  
  16  0:55  Probe  
  17  1:07  Assimilator, Probe  
  17  1:10  Gateway  
  18  1:19  Probe  
  19  1:32  Probe, Cybernetics Core  
  20  1:35  Pylon  
  20  1:46  Probe  
  21  1:58  Probe  
  21  2:01  Stalker x2  
  26  2:18  Warp Gate  
  26  2:24  Robotics Facility  
  24  2:37  Probe  
  24  2:39  Stalker  
  27  2:45  Adept  
  27  2:49  Probe  
  30  2:54  Pylon  
  30  3:11  Warp Prism  
  32  3:16  Shield Battery  
  32  3:23  Probe  
  31  3:31  Adept  
  33  3:35  Probe  
  34  3:47  Stalker  
  36  4:02  Adept  
  38  4:08  Pylon  
  38  4:11  Pylon  
  38  4:12  Twilight Council  
  38  4:37  Adept x2  
  42  4:59  Stalker x2  
  32  5:23  Adept x2  
  32  5:25  Immortal  
  32  5:26  Resonating Glaives  
  32  5:29  Robotics Bay  
  32  5:40  Adept  
  34  5:43  Adept  
  36  5:55  Stalker  
  38  6:01  Stalker  
  26  6:47  Sentry  
Show
View Real Time Build Order
Export as new Build Order

DKCROSSFIRE Terran - Winner!

Build Orders:  

Get SALT Encoding   

  12  0:04  SCV  
  13  0:16  SCV  
  14  0:22  Supply Depot  
  14  0:28  SCV  
  15  0:31  Refinery  
  15  0:45  Barracks  
  15  0:47  SCV  
  16  0:59  SCV  
  17  1:04  Refinery  
  17  1:11  SCV  
  18  1:18  Supply Depot  
  18  1:23  SCV  
  19  1:33  Reaper  
  20  1:41  Orbital Command  
  20  1:56  Factory  
  20  2:17  Marine  
  21  2:31  SCV  
  21  2:35  Marine  
  23  2:40  Widow Mine  
  23  2:43  Starport  
  25  2:44  Supply Depot  
  25  2:52  Supply Depot, SCV  
  25  2:53  Marine  
  25  2:54  Barracks  
  27  3:08  Factory Tech Lab  
  27  3:15  Barracks Tech Lab  
  27  3:20  Medivac  
  27  3:23  SCV  
  30  3:34  Siege Tank  
  33  3:43  Command Center  
  32  3:49  Stimpack  
  32  3:52  Marine  
  33  4:00  SCV  
  34  4:07  Marine  
  35  4:14  Liberator  
  35  4:15  Barracks Reactor  
  35  4:21  Barracks  
  35  4:24  SCV  
  39  4:36  SCV  
  40  4:39  Supply Depot  
  36  4:57  Orbital Command  
  35  5:10  Marine x2  
  33  5:25  Orbital Command  
  33  5:30  Barracks Reactor  
  33  5:47  Marine x2  
  35  6:05  Marine x2  
  37  6:12  Marine, SCV  
  37  6:13  Marine  
  40  6:22  Marine x2  
  42  6:26  Refinery  
  42  6:30  Refinery, Marine x2  
  42  6:31  Refinery  
  41  6:40  Marine  
  41  6:42  SCV x2  
  41  6:43  Marine  
  41  6:44  Barracks  
  41  6:45  Barracks  
  45  6:48  Marine x2  
  48  6:54  SCV  
  48  7:06  Barracks Reactor  
  48  7:08  SCV x2, Siege Tank  
  53  7:21  Supply Depot  
  53  7:22  Viking, Supply Depot  
  55  7:32  Marine x2  
  57  7:45  Medivac  
  57  7:47  Supply Depot  
  57  7:48  Supply Depot  
  59  7:54  Engineering Bay, SCV x2  
  61  8:02  Barracks Tech Lab  
Show
View Real Time Build Order
Export as new Build Order

PureLegacy Terran - Winner!

Build Orders: Reaper Expand 

Get SALT Encoding   

  12  0:00  SCV  
  13  0:13  SCV  
  14  0:18  Supply Depot  
  14  0:25  SCV  
  15  0:40  SCV  
  15  0:41  Barracks  
  16  0:46  Refinery  
  16  0:52  SCV  
  17  1:04  SCV  
  18  1:16  SCV  
  19  1:29  Reaper, Orbital Command  
  20  1:43  Command Center  
  20  1:52  Supply Depot  
  20  1:55  SCV  
  20  2:01  Barracks Reactor  
  21  2:07  SCV  
  22  2:08  Barracks  
  22  2:18  Barracks  
  22  2:19  SCV  
  23  2:37  SCV  
  23  2:38  Marine x2  
  23  2:39  Supply Depot  
  26  2:46  Bunker  
  26  2:49  SCV  
  27  2:56  Marine x2, Barracks Tech Lab  
  27  2:58  Refinery  
  29  3:03  Orbital Command  
  29  3:06  Marine  
  29  3:09  SCV  
  31  3:15  Stimpack  
  31  3:21  SCV  
  32  3:27  Marine x2  
  32  3:28  Marine x2  
  32  3:30  SCV  
  32  3:33  SCV  
  38  3:42  Factory, SCV  
  39  3:54  Marine x4  
  43  3:56  SCV x2  
  43  3:58  Supply Depot  
  44  4:08  SCV x2  
  46  4:13  Engineering Bay  
  46  4:20  SCV x2  
  46  4:21  Marine x4  
  52  4:26  Factory Reactor, Supply Depot  
  52  4:27  Starport  
  52  4:32  SCV x2  
  54  4:42  Marine x2, Barracks Reactor  
  54  4:43  Terran Infantry Weapons Level 1  
  54  4:45  SCV x2  
  58  4:55  Barracks  
  58  4:56  Barracks  
  58  4:57  Marine  
  59  5:02  Refinery, SCV x2  
  59  5:03  Refinery  
  61  5:09  Marine x2  
  60  5:24  Marine x3  
  61  5:28  Combat Shield  
  61  5:30  SCV x2  
  61  5:33  Medivac  
  61  5:34  Medivac, Supply Depot  
  61  5:35  Marine x2  
  69  5:36  Factory Tech Lab  
  69  5:37  Supply Depot  
  69  5:40  Supply Depot  
  69  5:41  Supply Depot  
  69  5:43  Barracks Reactor  
  69  5:44  Barracks Reactor  
  69  5:47  SCV  
  70  5:55  Marine x4  
  70  5:56  SCV, Siege Tank  
  78  6:00  Supply Depot  
  78  6:03  Marine  
  79  6:04  SCV  
  79  6:10  Supply Depot  
  80  6:13  Marine x4  
  80  6:15  Medivac x2  
  88  6:24  Supply Depot  
  88  6:28  Marine x4, Siege Tank  
  88  6:29  Marine  
  88  6:31  Marine  
  97  6:38  Supply Depot  
  92  6:48  Marine x2  
  94  6:55  Marine x2  
  94  6:59  Marine x4  
  100  7:07  Medivac x2  
  104  7:18  Marine x3  
  104  7:19  Marine x3  
  104  7:20  Command Center  
  104  7:21  Marine x2  
  104  7:22  Marine  
  108  7:36  Marine x3  
  109  7:39  Supply Depot, Marine x2  
  109  7:40  Marine x3  
  109  7:42  Medivac x2  
  109  7:43  Marine  
  119  7:54  Marine  
Tags
 
Add a new tag
Caveats
  • Supply blocks, unpowered buildings, or Contaminate may cause inaccurate times.
  • Supply counts are checked every 10 seconds.